 Dungeon Crawl Stone Soup version 0.27.1 (webtiles) character file.

Game seed: 10965835275001722743

245 shadowrider38 the Chopper (level 6, -1/63 HPs)
             Began as an Octopode Berserker on Aug 21, 2021.
             Was a Priest of Trog.
             Slain by an orc wizard (2 damage)
             ... on level 3 of the Dungeon.
             The game lasted 00:07:33 (3195 turns).

shadowrider38 the Chopper (Octopode Berserker)      Turns: 3195, Time: 00:07:33

Health: -1/63      AC:  1    Str: 18    XL:     6   Next: 10%
Magic:  6/6        EV: 13    Int:  9    God:    Trog [***...]
Gold:   76         SH:  0    Dex: 12    Spells: 5/5 levels left

rFire    . . .     SeeInvis .   a - +0 hand axe
rCold    . . .     Faith    .   (no shield)
rNeg     . . .     Spirit   .   (helmet restricted)
rPois    .         Reflect  .   (no amulet)
rElec    .         Harm     .   (no ring)
rCorr    .         Rampage  .   (no ring)
Will     .....                  (no ring)
Stlth    ..........             (no ring)
HPRegen  0.20/turn              (no ring)
MPRegen  0.10/turn              (no ring)
                                (no ring)
                                (no ring)

@: berserking (expiring), very quick
A: almost no armour, amphibious, 8 rings, camouflage 1, gelatinous body 1,
(nimble swimmer 1), tentacles
a: Renounce Religion, Berserk, Trog's Hand


You were on level 3 of the Dungeon.
You worshipped Trog.
Trog was most pleased with you.
You visited 1 branch of the dungeon, and saw 3 of its levels.

You collected 76 gold pieces.

Inventory:

Hand Weapons
 a - a +0 hand axe (weapon)
Missiles
 b - 73 stones (quivered)
Scrolls
 c - a scroll of fog {unknown}
 g - a scroll of enchant weapon {unknown}
 h - a scroll of summoning {unknown}
 j - a scroll of vulnerability {unknown}
 l - a scroll of identify {unknown}
Potions
 d - 2 potions of flight {unknown}
 e - a potion of brilliance {unknown}
 f - 2 potions of curing {unknown}
 i - a potion of ambrosia {unknown}
 k - a potion of heal wounds {unknown}


   Skills:
 - Level 3.0 Fighting
 + Level 6.5 Axes
 - Level 3.0 Dodging


You had 5 spell levels left.
You didn't know any spells.
Your spell library was empty.

Dungeon Overview and Level Annotations

Branches:
Dungeon (3/15)

Altars:


Innate Abilities, Weirdness & Mutations

You cannot wear most types of armour.
You are amphibious.
You can wear up to eight rings at the same time.
Your skin changes colour to match your surroundings (Stealth+).
Your rubbery body absorbs attacks. (AC +1, EV +1)
((You are camouflaged near water. (Stealth+)))
You have tentacles for arms and can constrict up to eight enemies at once.


Message History

You closely miss the howler monkey. You miss something. Something hits you.
You closely miss something. Your squeeze misses something.
You miss the howler monkey. The howler monkey closely misses you.
Something hits you. The howler monkey hits you.
There is a stone staircase leading up, spattered with blood here.
You feel a strong urge to attack something.
Something hits you. The howler monkey hits you.
* * * LOW HITPOINT WARNING * * *
Things that are here:
a +0 club; a +0 ring mail; an orc corpse You barely miss the hobgoblin.
You closely miss something. You barely miss the howler monkey.
You feel less confused. Something hits you.
* * * LOW HITPOINT WARNING * * *
The hobgoblin closely misses you. The howler monkey misses you.
You slash the hobgoblin!
You kill the hobgoblin!
Trog accepts your kill.
You miss something. You slash the howler monkey!
The howler monkey hoots and howls with incredible vigour!
You hear some strange, mumbled words.
A magic dart appears from out of thin air!
The magic dart hits you!
* * * LOW HITPOINT WARNING * * *
You are too berserk!
Unknown command.
You closely miss the howler monkey. Your grab misses the howler monkey.
You squeeze the howler monkey.
You feel the power of Trog in you as your rage grows.
You kill the howler monkey!
Trog accepts your kill.
You closely miss something.
You have reached level 6!
Your experience leads to an increase in your attributes!
Increase (S)trength, (I)ntelligence, or (D)exterity?
You feel stronger.
You miss something. Something hits you.
You die...

#..#....##.# #.##.##.##.#
#..........# #
###...###### ###.###
#...# #.. ..#... #...#
#.# ##.#.### #...#
#.####......#
####)..####.##..<)..#.#
................@)....#.
..............#..{..#....
............†.>.......#..
####...######.........#..
#...# #...........# #...#
#†..........# #...#
#...........# #...#
#.#.....#.... ##.##
#.........#


There were no monsters in sight!

Vanquished Creatures
  A howler monkey (D:3)
  A jelly (D:3)
  Terence (D:2)
  An orc wizard (D:3)
  2 adders (D:3)
  An ufetubus (D:2)
  2 worms (D:2)
  2 dart slugs
  6 orcs (D:3)
  10 bats
  10 endoplasms
  3 giant cockroaches
  5 goblins
  9 hobgoblins
  3 jackals (D:1)
  5 quokkas
  5 ball pythons
  3 frilled lizards
  8 kobolds
  7 rats
85 creatures vanquished.

Notes
Turn   | Place    | Note
-------+----------+-------------------------------------------
     0 | D:1      | shadowrider38 the Octopode Berserker began the quest for
                  | the Orb.
     0 | D:1      | Reached XP level 1. HP: 16/16 MP: 1/1
   120 | D:1      | Found a faded altar of an unknown god.
   173 | D:1      | Reached XP level 2. HP: 21/21 MP: 2/2
   495 | D:1      | Reached XP level 3. HP: 24/26 MP: 3/3
   535 | D:1      | Reached skill level 4 in Axes
   854 | D:1      | Reached ** piety under Trog
  1490 | D:2      | Reached XP level 4. HP: 16/31 MP: 4/4
  2029 | D:2      | Reached skill level 5 in Axes
  2554 | D:3      | Reached XP level 5. HP: 20/36 MP: 5/5
  2555 | D:3      | Reached *** piety under Trog
  2954 | D:3      | Reached skill level 6 in Axes
  3051 | D:3      | Noticed Terence
  3067 | D:2      | Killed Terence
  3193 | D:3      | HP: 1/54 [something/magic dart (8)]
  3195 | D:3      | Reached XP level 6. HP: 1/42 MP: 6/6
  3195 | D:3      | Slain by an orc wizard

Illustrated notes

Levels and vault maps discovered:
D:1:      dpeg_arrival_arbitrary_a, layout_basic, serial_curves, eino_curves_03,
          eino_curves_03, ebering_ecumenical_altar_rust
D:2:      layout_basic, minmay_pentomino_pile
D:3:      layout_loops_cross, st_stairs_2, uniq_terence

Skill      XL: |  1  2  3  4  5 |
---------------+----------------+-----
Axes           | 4 5 6 |  6.5
Fighting       | |  3.0
Dodging        | |  3.0

Action                   |  1- 3 |  4- 6 || total
-------------------------+-------+-------++-------
Melee: Hand axe          |    76 |    77 ||   153
       Constrict         |    20 |    20 ||    40
       Tentacles         |    13 |    12 ||    25
Throw: Stone             |     4 |    37 ||    41
Invok: Berserk           |       |     3 ||     3
       Trog's Hand       |       |     1 ||     1
 Stab: Sleeping          |     1 |     4 ||     5
Armor: Skin              |    11 |     9 ||    20
Dodge: Dodged            |    50 |    57 ||   107
